 Dungeon Crawl Stone Soup version 0.28-a0-1152-g9c71ebef14 (webtiles) character file.

Game seed: 7734083042954072169

2 spaghetti the Sneak (level 1, -1/20 HPs)
             Began as a Deep Dwarf Delver on Dec 14, 2021.
             Slain by a wight (5 damage)
             ... on level 7 of the Dungeon.
             The game lasted 00:00:44 (285 turns).

spaghetti the Sneak (Deep Dwarf Delver)              Turns: 285, Time: 00:00:44

Health: -1/20      AC:  3    Str: 15    XL:     1   Next: 25%
Magic:  0/0        EV: 12    Int: 10    God:
Gold:   0          SH:  0    Dex: 14    Spells: 0/0 levels left

rFire   . . .      SeeInvis .   a - +0 falchion {long}
rCold   . . .      Faith    .   (no shield)
rNeg    . . .      Spirit   .   b - +0 leather armour
rPois   .          Reflect  .   (no helmet)
rElec   .          Harm     .   (no cloak)
rCorr   .          Rampage  .   (no gloves)
Will    .....                   (no boots)
Stlth   +++.......              (no amulet)
HPRegen 0.00/turn               (no ring)
MPRegen 0.07/turn               (no ring)

@: no status effects
A: damage resistance, heal wounds, sense surroundings 1, no regeneration
a: Heal Wounds


You were on level 7 of the Dungeon.
You visited 1 branch of the dungeon, and saw 3 of its levels.


Innate Abilities, Weirdness & Mutations

You are resistant to damage.
You can heal yourself by infusing magical energy.
You passively map a small area around you.
You do not regenerate.


   Skills:
 - Level 2.6 Fighting
 - Level 2.0 Long Blades
 - Level 2.1 Dodging
 + Level 6.1 Stealth


You couldn't memorise any spells.
You didn't know any spells.
Your spell library contained the following spells:

 Spells                   Type           Power      Damage    Failure   Level
 Magic Dart               Conj           0%         1d3       43%         1
 Conjure Flame            Conj/Fire      0%         6-21      80%         3
 Ignite Poison            Fire/Tmut/Pois 0%         N/A       80%         3
 Sticky Flame             Conj/Fire      0%         2d3       99%         4

Inventory:

Hand Weapons
 a - a +0 falchion (weapon) {long}
Missiles
 h - 24 bolts
 i - 20 stones {throwing}
Armour
 b - a +0 leather armour (worn)
Wands
 g - a wand of digging (3)
Scrolls
 c - a scroll of fog
 d - a scroll of magic mapping {!r}
Potions
 f - 4 potions of haste {@q3}

Dungeon Overview and Level Annotations

Branches:
Dungeon (7/15)
 Temple: D:4-7

Altars:
Kikubaaqudgha
Sif Muna
Vehumet

* #.#.# #.#.#
#.#.##
#.#..####
#.#####........
.............
*#.......... ,
#@.z.....,
#.z..zz..,
#s###.### * #.#
#z# #.# #.# #.#
#.# #.# #.# *
## #.# #.# *
#8###8##.# #.#


You could see a scorpion and 4 wights.


Message History

You take 8 damage, and now have 12/20 hp.
MASSIVE DAMAGE!! (PAUSE) Unknown command.
Unknown command.
You fail to use your ability.
The orc barely misses you.
Unknown command.
Unknown command.
Your magical essence is drained by the effort!
You feel much better.
The orc hits you with a +0 war axe! 😮 MP[-1] Unknown command.
Unknown command.
Unknown command.
You barely miss the orc. The orc closely misses you.
You hit the orc. The orc closely misses you. The orc misses you.
You closely miss the orc. The orc closely misses you.
You hit the orc but do no damage. The orc hits you with a +0 war axe.
* * * LOW HITPOINT WARNING * * *
😨 HP[-3]
You take 3 damage, and now have 9/20 hp.
You hit the orc but do no damage. The orc closely misses you.
Unknown command.
Unknown command.
Unknown command.
You hit the orc.
You kill the orc!
Things that are here:
a +0 war axe {axe}; a +0 ring mail You see here a +0 whip {mace}.
h - 24 bolts
f - 3 potions of haste {@q3} (gained 2)
You pick up an Everburning Encyclopedia and begin reading...
You add the spells Conjure Flame, Ignite Poison and Sticky Flame to your library.
Found an escape hatch in the ceiling.
You open the door.
Found a stone staircase leading up.
Okay, then.
Unknown command.
There is an open door here.
As you open the door, it creaks loudly!
There is an open door here.
f - 4 potions of haste {@q3} (gained 1)
You open the door.
There is an open door here.
i - 20 stones {throwing} You open the door.
Found a stone staircase leading down.
There is an open door here.
There is a stone staircase leading down here.
Found a radiant altar of Vehumet and an ancient bone altar of Kikubaaqudgha.
Found a shimmering blue altar of Sif Muna.
You pick up Vehumet's Compendium of Confrontation and begin reading...
You add the spell Magic Dart to your library.
There is a stone staircase leading down here.
There is an open door here.
You open the door.
An iguana and a zombie come into view.
Okay, then.
Okay, then.
Okay, then.
Unknown command.
There is an open door here.
There is a stone staircase leading down here.
You climb downwards.
There is a stone staircase leading up here.
Unknown command.
Unknown command.
Unknown command.
A scorpion is nearby!
Okay, then.
Unknown command.
Found an escape hatch in the floor.
A black bear comes into view.
The black bear growls angrily.
There is an escape hatch in the floor here.
The scorpion barely misses you.
You slide downwards.
The hatch slams shut behind you.
Unknown command.
Unknown command.
Unknown command.
You barely miss the scorpion. The scorpion stings you.
* * * LOW HITPOINT WARNING * * *
You are poisoned.
The scorpion poisons you! The scorpion stings you.
* * * LOW HITPOINT WARNING * * *
😱 HP[-5]
You take 5 damage, and now have 4/20 hp.
MASSIVE DAMAGE!! (PAUSE) Unknown command.
Okay, then.
As you read the scroll of fear, it crumbles to dust.
You assume a fearsome visage.
The scorpion looks frightened!
A wight comes into view.
It is wielding a +4 halberd of freezing.
You are no longer poisoned.
The scorpion seems to regain its courage.
A wight comes into view.
It is wielding a +0 long sword. 3 wights come into view.
The wight hits you with a +0 dagger.
You die...

Action                   || total
-------------------------++-------
Melee: Falchion          ||    11
 Abil: Heal Wounds       ||     2
  Use: Scroll            ||     1
Armor: Leather armour    ||     1
Dodge: Dodged            ||    11

Levels and vault maps discovered:
D:5:      layout_loops_corners, grunt_temple_overflow_magic_moments
D:6:      hangedman_cross_stitches, layout_loops_ring, uniq_pikel,
          uniq_blork_the_orc, uniq_eustachio
D:7:      layout_rooms, serial_corexii_hall, corexii_hall_statues_i,
          chequers_hall_statues_y, eino_jars, uniq_maggie

Notes
Turn   | Place    | Note
-------+----------+-------------------------------------------
     0 | D:5      | spaghetti the Deep Dwarf Delver began the quest for the
                  | Orb.
     0 | D:5      | Reached XP level 1. HP: 20/20 MP: 1/1
     0 | D:5      | magus.rc [v1.9.6]
   107 | D:5      | You add the spells Conjure Flame, Ignite Poison and Sticky
                  | Flame to your library.
   210 | D:5      | Found a radiant altar of Vehumet.
   210 | D:5      | Found an ancient bone altar of Kikubaaqudgha.
   212 | D:5      | Found a shimmering blue altar of Sif Muna.
   229 | D:5      | Got Vehumet's Compendium of Confrontation
   244 | D:5      | Noticed a hornet zombie
   244 | D:5      | Noticed an iguana
   252 | D:6      | Noticed a scorpion
   260 | D:6      | Noticed a black bear
   265 | D:7      | HP: 5/20 [scorpion (4)]
   270 | D:7      | Noticed a wight
   282 | D:7      | Noticed a wight
   283 | D:7      | Noticed a wight
   283 | D:7      | Noticed a wight
   283 | D:7      | Noticed a wight
   285 | D:7      | Slain by a wight

Vanquished Creatures
  An orc (D:5)
1 creature vanquished.

Table legend:
 A = Non-vault XP
 B = Vault XP
 C = Vault XP percentage of total XP
 D = Non-vault monster count
 E = Vault monster count
 F = Vault count percentage of total count
                 A         B        C        D         E       F
            +---------+---------+-------+---------+---------+-------
      Total |       3 |       0 |   0.0 |       1 |       0 |   0.0
            +---------+---------+-------+---------+---------+-------
        D:5 |       3 |       0 |   0.0 |       1 |       0 |   0.0
            +---------+---------+-------+---------+---------+-------

Illustrated notes

Table legend:
 A = Kills in this place as a percentage of kills in entire the game.
 B = Kills by you in this place as a percentage of kills by you in the entire game.
 C = Kills by friends in this place as a percentage of kills by friends in the entire game.
 D = Other kills in this place as a percentage of other kills in the entire game.
 E = Experience gained in this place as a percentage of experience gained in the entire game.
 F = Experience gained in this place divided by the number of levels of this place that you have seen.
                   A       B       C       D       E      F
               +-------+-------+-------+-------+-------+----------------------
         Total | 100.0 | 100.0 |   N/A |   N/A | 100.0 |   1.0
       Dungeon | 100.0 | 100.0 |   N/A |   N/A | 100.0 |   1.0
               +-------+-------+-------+-------+-------+----------------------

Table legend: (Time is in decaauts)
 A = Elapsed time spent in this place.
 B = Non-inter-level travel time spent in this place.
 C = Inter-level travel time spent in this place.
 D = Time resting spent in this place.
 E = Time spent auto-exploring this place.
 F = Levels seen in this place.
 G = Mean time per level.
                   A        B        C        D        E       F      G
               +--------+--------+--------+--------+--------+-----+--------+
         Total |    286 |    286 |      0 |      0 |    219 |   3 |   95.3 |
       Dungeon |    286 |    286 |      0 |      0 |    219 |   3 |   95.3 |
               +--------+--------+--------+--------+--------+-----+--------+

Top non-repeatable levels by time:
     D:5: 254 daAuts
     D:7: 20 daAuts
     D:6: 11 daAuts
